 Dungeon Crawl Stone Soup version 0.31-a0-986-g5e6e4ef867 (webtiles) character file.

Game seed: 12564028975344720773

1722493 Forgeling the Impregnable (level 26, 266/266 HPs)
             Began as a Minotaur Shapeshifter on Nov 16, 2023.
             Was the Champion of Ashenzari.
             Escaped with the Orb
             ... and 3 runes!
             The game lasted 02:49:51 (65277 turns).

Forgeling the Impregnable (Minotaur Shapeshifter)  Turns: 65277, Time: 02:49:52

Health: 266/266    AC: 44    Str: 29    XL:     26   Next: 48%
Magic:  23/23      EV: 25    Int:  3    God:    Ashenzari [******]
Gold:   8504       SH: 22    Dex: 25    Spells: 26/26 levels left

rFire   + + +        a - +9 broad axe "Ensconced Augurer" {heavy, Dev, Self} (curse)
rCold   + + .        x - +2 kite shield of Ashenzari's Jealousy {Rampage rF+++ rCorr Int-3, Melee, Cun} (curse)
rNeg    + + .        k - +9 storm dragon scales of the Chained Sage {rElec, Range, Dev} (curse)
rPois   +            q - +0 mask of the Dragon {Will+ Slay+3 SInv, Self, Fort} (curse)
rElec   +            L - +4 dragonskin cloak {Melee, Fort} (curse)
rCorr   +            b - +1 pair of gloves "Overhang to Understand" {Dev, Fort} (curse)
SInv    +            u - +2 pair of boots "Cursed Together" {Fly, Self, Alch} (curse)
Will    ++++.        o - amulet "Affliction of Ashenzari" {RegenMP rN+ Will+, Alch, Melee} (curse) Stlth
                     z - ring "Shackled Urgency" {rPois Will+ Str+2 Dex+6, Cun, Self} (curse)
HPRegen 0.64/turn    c - ring "Abstinence of Ashenzari" {rPois rC+ rN+ Dex+2, Bglg, Fort} (curse)
MPRegen 0.58/turn

%: clarity, rampage
@: flying, studying Air Magic
A: horns 2, retaliatory headbutt, agile 1, cold resistance 1, deterioration 1,
poison resistance
0: Orb of Zot
}: 3/15 runes: decaying, serpentine, silver
a: Renounce Religion, Shatter the Chains


You escaped.
You worshipped Ashenzari.
Ashenzari was exalted by your worship.
You visited 10 branches of the dungeon, and saw 50 of its levels.
You also visited: Ossuary, Bailey, Gauntlet, Ice Cave and Volcano.

You collected 11482 gold pieces.
You spent 2978 gold pieces at shops.

Inventory:

Hand Weapons
 a - the cursed +9 broad axe "Ensconced Augurer" (weapon) {heavy, Dev, Self}
   (You took it off a hell knight on level 3 of the Depths)

   It has a curse which improves the following skills: Devices: Evocations and
   Shapeshifting.
   Introspection: Fighting and Spellcasting.
Missiles
 l - 4 silver javelins
 n - 12 atropa-tipped darts
 s - 42 boomerangs
 t - 37 poisoned darts
 w - 18 javelins (quivered)
 Z - 15 curare-tipped darts
Armour
 b - the cursed +1 pair of gloves "Overhang to Understand" (worn) {Dev, Fort}
   (You found it on level 5 of the Dungeon)

   It has a curse which improves the following skills: Devices: Evocations and
   Shapeshifting.
   Fortitude: Armour and Shields.
 k - the cursed +9 storm dragon scales of the Chained Sage (worn) {rElec, Range, Dev}
   (You found it on level 4 of the Depths)

   rElec:     It insulates you from electricity.
   It has a curse which improves the following skills: Ranged Combat: Ranged
   Weapons and Throwing.
   Devices:   Evocations and Shapeshifting.
 q - the cursed +0 mask of the Dragon (worn) {Will+ Slay+3 SInv, Self, Fort}
   (You found it on level 5 of the Vaults)

   Slay+3:    It affects your accuracy & damage with ranged weapons and melee
   (+3).
   Will+:     It increases your willpower.
   SInv:      It lets you see invisible.
   It has a curse which improves the following skills: Introspection: Fighting
   and Spellcasting.
   Fortitude: Armour and Shields.
 u - the cursed +2 pair of boots "Cursed Together" (worn) {Fly, Self, Alch}
   (You acquired it on level 14 of the Dungeon)

   It has a curse which improves the following skills: Introspection: Fighting
   and Spellcasting.
   Alchemy:   Poison Magic and Transmutations.
 x - the cursed +2 kite shield of Ashenzari's Jealousy (worn) {Rampage rF+++ rCorr Int-3, Melee, Cun}
   (You bought it in a shop on level 12 of the Dungeon)

   Int-3:     It affects your intelligence (-3).
   rF+++:     It renders you almost immune to fire.
   rCorr:     It protects you from acid and corrosion.
   Rampage:   It bestows one free step when moving towards enemies.
   It has a curse which improves the following skills: Melee Combat: Short
   Blades, Long Blades, Axes, Maces & Flails, Polearms, Staves and Unarmed
   Combat.
   Cunning:   Dodging and Stealth.
 L - the cursed +4 dragonskin cloak (worn) {Melee, Fort}
   (You took it off Tiamat on level 1 of the Realm of Zot)

   Avatar's Aegis: It grants the wearer a chance to resist fire, cold, poison,
   electricity, acid, and negative energy.
   It has a curse which improves the following skills: Melee Combat: Short
   Blades, Long Blades, Axes, Maces & Flails, Polearms, Staves and Unarmed
   Combat.
   Fortitude: Armour and Shields.
Jewellery
 c - the cursed ring "Abstinence of Ashenzari" (right hand) {rPois rC+ rN+ Dex+2, Bglg, Fort}
   (You found it on level 3 of the Crypt)

   [ring of positive energy]

   Dex+2:     It affects your dexterity (+2).
   rC+:       It protects you from cold.
   rPois:     It protects you from poison rN+: It protects you from negative
   energy.
   It has a curse which improves the following skills: Beguiling: Conjurations,
   Hexes and Translocations.
   Fortitude: Armour and Shields.
 o - the cursed amulet "Affliction of Ashenzari" (around neck) {RegenMP rN+ Will+, Alch, Melee}
   (You found it on level 3 of the Crypt)

   [amulet of magic regeneration]

   RegenMP:   It increases your rate of magic regeneration.
   rN+:       It protects you from negative energy.
   Will+:     It increases your willpower.
   It has a curse which improves the following skills: Alchemy: Poison Magic and
   Transmutations.
   Melee Combat: Short Blades, Long Blades, Axes, Maces & Flails, Polearms,
   Staves and Unarmed Combat.
 z - the cursed ring "Shackled Urgency" (left hand) {rPois Will+ Str+2 Dex+6, Cun, Self}
   (You found it in a Gauntlet)

   [ring of dexterity]

   Str+2:     It affects your strength (+2).
   Dex+6:     It affects your dexterity (+6).
   rPois:     It protects you from poison Will+: It increases your willpower.
   It has a curse which improves the following skills: Cunning: Dodging and
   Stealth.
   Introspection: Fighting and Spellcasting.
Wands
 d - a wand of digging (26)
 e - a wand of paralysis (45)
 h - a wand of acid (39)
 i - a wand of roots (42)
 y - a wand of mindburst (61)
Scrolls
 D - 6 scrolls of blinking
 E - 9 scrolls of fear
 F - 5 scrolls of fog
 K - 7 scrolls of immolation
 O - 8 scrolls of silence
 P - 11 scrolls of poison
 S - 2 scrolls of summoning
 V - 7 scrolls of vulnerability
 X - 4 scrolls of revelation {@r4}
 Y - 14 scrolls of teleportation {@r3}
Potions
 f - 10 potions of enlightenment
 A - 11 potions of attraction
 B - 11 potions of brilliance
 C - 4 potions of cancellation
 G - 10 potions of ambrosia
 H - 2 potions of haste
 J - 22 potions of curing {@q1}
 M - 7 potions of might
 N - 5 potions of heal wounds {@q2}
 Q - 3 potions of magic
 R - a potion of resistance
 T - a potion of berserk rage
 U - 6 potions of mutation
Miscellaneous
 g - a condenser vane
 j - a sack of spiders
 m - a phantom mirror
 r - a phial of floods
 v - a lightning rod (4/4)


   Skills:
 - Level 23.2(27) Fighting
 + Level 22.4(26.7) Axes
 - Level 21.8(24.0) Throwing
 - Level 23.4(27) Armour
 + Level 15.2(18.7) Dodging
 + Level 21.3(26.6) Shields
 - Level 3.2(7.1) Unarmed Combat
 - Level 21.7(26.0) Evocations
 - Level 2.4(6.0) Shapeshifting


You had 26 spell levels left.
You didn't know any spells.
Your spell library contained the following spells:

 Spells                   Type           Power      Damage    Failure   Level
 Sting                    Tmut/Pois      0%         1d3       67%         1
 Slow                     Hex            0%         N/A       71%         1
 Kiss of Death            Conj/Necr      0%         2d5       73%         1
 Freeze                   Ice            0%         1d3       75%         1
 Wereblood                Tmut           0%         N/A       82%         2
 Blink                    Tloc           0%         N/A       83%         2
 Lesser Beckoning         Tloc           0%         N/A       83%         2
 Momentum Strike          Conj/Tloc      0%         3d8       83%         2
 Passwall                 Tmut/Erth      0%         N/A       85%         2
 Poisonous Vapours        Pois/Air       0%         N/A       85%         2
 Cigotuvi's Dreadful Rot  Necr/Pois/Air  0%         N/A       86%         2
 Ensorcelled Hibernation  Hex/Ice        0%         N/A       86%         2
 Static Discharge         Conj/Air       0%         3-3/arc   86%         2
 Sublimation of Blood     Necr           0%         N/A       87%         2
 Confusing Touch          Hex            0%         N/A       97%         3
 Dazzling Flash           Conj/Hex       0%         N/A       97%         3
 Gell's Gravitas          Tloc           0%         N/A       97%         3
 Hailstorm                Conj/Ice       0%         3d3       97%         3
 Ignite Poison            Fire/Tmut/Pois 0%         N/A       97%         3
 Inner Flame              Hex/Fire       0%         N/A       97%         3
 Mephitic Cloud           Conj/Pois/Air  0%         N/A       97%         3
 Sigil of Binding         Hex            0%         N/A       97%         3
 Stone Arrow              Conj/Erth      0%         3d7       97%         3
 Teleport Other           Tloc           0%         N/A       97%         3
 Tukima's Dance           Hex            0%         N/A       97%         3
 Volatile Blastmotes      Fire/Tloc      0%         2d10      97%         3
 Call Canine Familiar     Summ           0%         N/A       98%         3
 Swiftness                Air            0%         N/A       98%         3
 Vampiric Draining        Necr           0%         2d6       98%         3
 Airstrike                Air            0%         2d(0-16)  100%        4
 Anguish                  Hex/Necr       0%         N/A       100%        4
 Animate Armour           Summ/Erth      0%         N/A       100%        4
 Animate Dead             Necr           0%         N/A       100%        4
 Cause Fear               Hex            0%         N/A       100%        4
 Dimensional Bullseye     Hex/Tloc       0%         N/A       100%        4
 Dispel Undead            Necr           0%         3d6       100%        4
 Flame Wave               Conj/Fire      0%         2d4       100%        4
 Iskenderun's Mystic Bla  Conj/Tloc      0%         2d3       100%        4
 Leda's Liquefaction      Hex/Erth       0%         N/A       100%        4
 Olgreb's Toxic Radiance  Pois           0%         N/A       100%        4
 Petrify                  Tmut/Erth      0%         N/A       100%        4
 Sticky Flame             Conj/Fire      0%         2d3       100%        4
 Summon Ice Beast         Ice/Summ       0%         N/A       100%        4
 Summon Lightning Spire   Summ/Air       0%         N/A       100%        4
 Vhi's Electric Charge    Tloc/Air       0%         N/A       100%        4
 Arcjolt                  Conj/Air       0%         1d10      100%        5
 Borgnjor's Vile Clutch   Necr/Erth      0%         N/A       100%        5
 Freezing Cloud           Conj/Ice/Air   0%         6-21      100%        5
 Irradiate                Conj/Tmut      0%         3d11      100%        5
 Lee's Rapid Deconstruct  Erth           0%         3d4*      100%        5
 Death Channel            Necr           0%         N/A       100%        6
 Dispersal                Tloc           0%         N/A       100%        6
 Simulacrum               Ice/Necr       0%         N/A       100%        6
 Starburst                Conj/Fire      0%         6d3       100%        6
 Enfeeble                 Hex            0%         N/A       100%        7
 Haunt                    Necr/Summ      0%         N/A       100%        7
 Ozocubu's Refrigeration  Ice            0%         4d7       100%        7
 Ignition                 Fire           0%         3d3       100%        8
 Infestation              Necr           0%         N/A       100%        8
 Lehudib's Crystal Spear  Conj/Erth      0%         10d2      100%        8
 Maxwell's Capacitive Co  Air            0%         ∞         100%        8
 Death's Door             Necr           0%         N/A       100%        9
 Polar Vortex             Ice            0%         N/A       100%        9


Dungeon Overview and Level Annotations

Branches:
Dungeon (15/15)            Temple (0/1) D:7            Lair (5/5) D:10
  Swamp (4/4) Lair:2        Snake (4/4) Lair:2        Slime (0/5) Lair:4
    Orc (2/2) D:12            Elf (3/3) Orc:2        Vaults (5/5) D:13
  Crypt (3/3) Vaults:2       Tomb (0/3) Crypt:3      Depths (4/4) D:15
    Zot (5/5) Depths:4    Ossuary (visited)          Bailey (visited)
  IceCv (visited)         Volcano (visited)         Gauntlet (visited)

Altars:
Ashenzari
Cheibriados
Dithmenos
Elyvilon
Hepliaklqana
Kikubaaqudgha
Makhleb
Nemelex Xobeh
Qazlal
Sif Muna
Uskayaw
Vehumet
Xom
Yredelemnul
Jiyva

Shops:
D:6 [!(??   D:12 [(   Orc:2 !*?[   Elf:1 [   Snake:1 (*(**   Snake:3 :[(
Vaults:5 !?=*

Portals:
Hell: Depths:1 Depths:2 Depths:3 Depths:4
Abyss: Depths:2 Depths:3 Depths:4
Pandemonium: Depths:2
Ziggurat: Depths:1

Annotations:
Zot:3 2 transporters, exclusion: orange crystal statue


Innate Abilities, Weirdness & Mutations

You have a pair of horns on your head.
You reflexively headbutt those who attack you in melee.
You are agile. (Dex +4, Str/Int -1)
Your flesh is cold resistant. (rC+)
Your body sometimes deteriorates upon taking damage.
Your system is resistant to poisons. (rPois)


Message History

No target in view!
No target in view!
You see here a +1 demon whip of venom.
You see here a +0 robe.
What level of the Dungeon? (default 1, ? - help)
You see here a +1 demon whip of venom. a +0 quarterstaff; a +2 robe of willpower A hellephant comes into view.
Unknown command.
The hellephant breathes flames at you. The blast of flame hits you! You resist.
The hellephant blinks!
There is a stone staircase leading up here.
You fly upwards.
The endoplasm quivers.
There is a stone staircase leading down here.
What level of the Dungeon? (default 1, ? - help)
Okay, then.
Unknown command.
Unknown command.
The endoplasm freezes you.
You are frozen.
You resist.
You slice the endoplasm like a ripe choko!!!
You kill the endoplasm!
No target in view!
No target in view!
What level of the Dungeon? (default 1, ? - help)
There is a stone staircase leading up here.
You fly upwards.
There is a stone staircase leading down here.
HP restored.
There is a stone staircase leading up here.
You fly upwards.
There is a stone staircase leading down here.
You sense a monster nearby.
There is a stone staircase leading up here.
You fly upwards.
There is a stone staircase leading down here.
There is a staircase leading out of the dungeon here.
You have escaped!

......#####.~≈~.#..##.#.# #.#.
####..# #.~≈≈~..~.#...## #.#.
#..# ##~≈~≈.~~~≈..~.# #.#. #..#
#~~.~.≈~≈≈~~.~.# ##.÷.
#..####...≈≈≈≈~≈~...######....
#....###.~~≈≈≈≈≈≈~.###........
#.>.##.#..≈~~≈≈≈≈~.#..#.##....
####...##.#.~.~~.≈≈~~.#....#####.
.......###.~~~.~@~.~~≈##.### #.
.####..# ##.~≈~..≈~.≈~#### #. .#
#..# #.~≈~~~≈≈~..# ########. .#
#..# ##.~~~~≈≈≈~~## #....†... .#
#..# #...~.≈≈≈≈.~## ########. ##
#..# ##)#.~~≈≈≈~.~## #. #.##
#.##.~~~~~~...# #. #####.#
##...~~.~...#.# #. ......#
##...≈..#...#..# #.


There were no monsters in sight!

Vanquished Creatures
  2 dread liches
  Tiamat (Zot:1)
  6 orbs of fire (Zot:5)
  Khufu (Crypt:2)
  5 ancient liches
  Mennas (Vaults:1)
  Mara (Depths:2)
  A juggernaut (Depths:3)
  Margery (Vaults:2)
  3 Killer Klowns
  2 curse toes (Zot:5)
  Saint Roka (Vaults:2)
  Xtahua (Vaults:5)
  The ghost of Piuw the Warmonger, a veteran GnWn of Okawaru (Depths:4)
  Jory (Vaults:3)
  The ghost of Katt the Executioner, an adept MiFi of the Shining One (Crypt:2)
  the Enchantress (D:15)
  12 golden dragons
  2 bone dragons (Crypt:3)
  3 electric golems
  17 tentacled monstrosities
  Jorgrun (Swamp:1)
  A deep elf master archer (Elf:3)
  5 liches
  2 sphinxes
  26 Orb Guardians
  4 titans
  3 deep elf blademasters
  6 quicksilver dragons
  The ghost of Vioczuc the Bludgeoner, an adept TrCK of Xom (Swamp:3)
  4 death cobs
  A walking divine tome (Depths:3)
  8 ancient champions
  A thorn hunter (Swamp:2)
  15 storm dragons
  Frances (Swamp:1)
  4 tengu reavers (Vaults:5)
  A fenstrider witch (Swamp:3)
  9 draconian monks
  Aizul (Snake:4)
  Donald (Orc:2)
  Roxanne (Swamp:3)
  6 shadow dragons
  8 frost giants
  9 fire giants
  3 nagarajas
  2 daevas
  4 draconian knights
  Louise (D:15)
  4 revenants
  5 deep elf sorcerers
  2 draconian scorchers (Zot:1)
  2 curse skulls
  5 iron dragons
  A juggernaut zombie (Depths:1)
  5 deep elf elementalists (Elf:3)
  16 vault wardens
  5 draconian shifters
  5 draconian stormcallers
  4 spectral caustic shrikes (Depths:4)
  A demonspawn blood saint (D:5)
  A balrug (D:5)
  6 ghouls
  A ghost moth (Zot:5)
  21 ironbound preservers
  An angel (Depths:1)
  2 caustic shrike skeletons
  8 spriggan defenders
  2 formless jellyfish
  An orc warlord (D:12)
  6 green draconians
  A reaper (Crypt:2)
  A juggernaut skeleton (Crypt:3)
  17 very ugly things
  3 war gargoyles (Vaults:5)
  8 deep elf demonologists
  4 draconian annihilators
  The ghost of Adatourgh the Spry, a journeyman KoHu of Okawaru (Elf:2)
  9 black draconians
  7 vampire knights
  19 stone giants
  7 deep elf annihilators
  2 ironbound thunderhulks (Vaults:4)
  5 eleionomae
  9 yellow draconians
  13 red draconians
  A spark wasp (shapeshifter) (D:15)
  4 bunyips
  9 white draconians
  3 dire elephants (Vaults:4)
  8 purple draconians
  A minotaur (Gauntlet)
  5 spark wasps
  4 eidola
  10 ettins
  A shambling mangrove (Swamp:4)
  2 green deaths
  3 jiangshi
  7 fire dragons
  A merfolk javelineer (Depths:4)
  10 deep elf death magi
  5 deep elf high priests
  2 entropy weavers (Vaults:3)
  9 great orbs of eyes
  26 vault guards
  10 yaktaur captains
  2 quicksilver dragon skeletons
  8 spriggan air magi
  4 spriggan zombies
  6 salamander tyrants
  2 rakshasas
  A peacekeeper (Vaults:1)
  A catoblepas (D:13)
  The ghost of DoNotCum the Thaumaturge, a journeyman DECj of Sif Muna (Lair:3)
  10 ice dragons
  16 hydras
  4 spriggan skeletons
  7 anacondas
  2 ghost crabs
  An ogre mage (Volcano)
  9 alligators
  8 centaur warriors
  A death knight (Crypt:3)
  A fenstrider witch skeleton (Crypt:3)
  5 tengu warriors
  8 ironbound frosthearts
  3 boulder beetles
  34 dancing weapons
  An alligator snapping turtle (shapeshifter) (Vaults:5)
  12 death yaks
  5 deep troll shamans
  9 deep troll earth magi
  9 two-headed ogres
  8 naga warriors
  4 spriggan berserkers
  5 vampire magi
  A titan zombie (Depths:3)
  An orc high priest (Orc:1)
  8 naga sharpshooters
  7 shock serpents
  3 occultists
  A sun demon (Depths:3)
  3 soul eaters
  Amaemon (D:9)
  25 deep elf knights
  A skyshark (Lair:5)
  16 hell knights
  3 shadow wraiths
  6 titan skeletons (Crypt:3)
  7 salamander mystics
  5 iron trolls (Depths:2)
  A golden dragon zombie (Crypt:1)
  8 flayed ghosts
  43 skeletal warriors
  A sixfirhy (Depths:2)
  5 spriggan druids
  3 goliath frogs
  10 swamp dragons
  11 bog bodies
  75 deep trolls
  8 naga ritualists
  A bunyip skeleton (Crypt:3)
  4 glowing orange brains
  17 ironbound convokers
  11 phantasmal warriors
  6 arcanists
  3 anaconda skeletons
  4 tengu zombies
  15 lindwurms
  9 deep elf archers
  28 deep elf zephyrmancers
  16 necromancers
  16 mana vipers
  5 harpies (Vaults:2)
  2 orc knights
  32 ugly things
  17 salamanders
  2 oklob plants
  35 deep elf pyromancers
  13 orc sorcerers
  2 shadow dragon skeletons
  2 tengu skeletons
  18 moths of wrath
  A wolf spider (shapeshifter) (Depths:1)
  4 manticores
  2 stone giant zombies
  7 cyclopes
  An iron dragon skeleton (Crypt:3)
  47 black mambas
  3 frost giant skeletons
  An ice statue (IceCv)
  8 will-o-the-wisps
  9 naga magi
  A stone giant skeleton (Vaults:2)
  A torpor snail (Lair:4)
  A black mamba (shapeshifter) (Elf:3)
  A rust devil (D:11)
  An orange demon (D:8)
  19 vault sentinels
  8 guardian serpents
  A cane toad (shapeshifter) (D:15)
  2 titan simulacra
  2 cane toads
  A kobold demonologist (D:12)
  An unseen horror (D:11)
  15 rime drakes
  An alligator snapping turtle skeleton (Crypt:3)
  An efreet (Gauntlet)
  An unseen horror zombie (Crypt:3)
  36 yaktaurs
  6 freezing wraiths
  8 komodo dragons
  A yaktaur (shapeshifter) (D:15)
  A tengu conjurer (Depths:2)
  A yaktaur skeleton (Vaults:5)
  A queen bee (Lair:3)
  8 trolls
  A wolf spider simulacrum (D:14)
  15 hornets
  7 polar bears
  A death drake zombie (Crypt:3)
  A troll (shapeshifter) (Vaults:5)
  5 harpy skeletons
  A bloated husk (Swamp:2)
  11 tyrant leeches
  A frost giant simulacrum (Vaults:3)
  7 dream sheep (Lair:5)
  4 blink frogs (Lair:1)
  A hydra skeleton (Crypt:3)
  4 glass eyes
  A fire giant simulacrum (Depths:1)
  A guardian serpent skeleton (Crypt:1)
  3 flying skulls (Crypt:1)
  32 slime creatures
  15 spriggans
  3 ettin zombies
  13 air elementals
  5 wraiths
  A slime creature (shapeshifter) (Elf:2)
  6 water elementals
  9 wyverns
  A black mamba zombie (Crypt:2)
  A shadow (D:13)
  A slime creature zombie (Crypt:2)
  67 yaks
  6 fire elementals
  A golden eye (shapeshifter) (Vaults:5)
  A vampire (D:13)
  4 steam dragons
  12 vampire mosquitoes
  A human simulacrum (Vaults:5)
  8 basilisks
  19 nagas
  2 redbacks (Vaults:5)
  16 wargs
  13 swamp worms
  A skyshark zombie (Crypt:1)
  A warg (shapeshifter) (Vaults:5)
  A swamp worm (shapeshifter) (D:14)
  6 acid dragons
  A hell hound (Gauntlet)
  16 water moccasins
  An entropy weaver zombie (Crypt:1)
  A deep troll skeleton (Crypt:1)
  9 swamp drakes
  A black bear (D:7)
  29 orc warriors
  2 ice beasts
  A blink frog zombie (Crypt:1)
  14 centaurs
  7 ogres
  A boggart (Vaults:1)
  21 wolves
  2 swamp dragon skeletons
  2 human skeletons
  2 phantoms (D:6)
  A rime drake zombie (Crypt:3)
  An elephant skeleton (Crypt:2)
  A hog skeleton (Crypt:2)
  8 kobold brigands
  2 elf zombies (Ossuary)
  13 bullfrogs
  A necrophage (Crypt:1)
  A wyvern zombie (Crypt:3)
  5 scorpions
  A glowing shapeshifter simulacrum (Vaults:5)
  A vine stalker zombie (Crypt:2)
  3 earth elementals
  14 wights (Crypt:3)
  24 killer bees (Lair:3)
  A raiju skeleton (Crypt:2)
  2 electric eels (D:14)
  2 howler monkeys (D:12)
  4 human zombies
  2 jellies
  2 hounds (D:5)
  15 orc priests
  Crazy Yiuf (D:6)
  5 centaur skeletons
  3 gnoll boudas
  A sleepcap (D:4)
  10 iguanas
  44 orc wizards
  2 lightning spires (Elf:3)
  A hound zombie (Ossuary)
  5 mummies
  12 gnolls
  7 adders
  A shadow imp (D:7)
  A swamp drake skeleton (Crypt:3)
  A white imp (D:6)
  A jelly zombie (Crypt:3)
  2 worms
  3 dart slugs
  73 orcs
  7 ball pythons
  A bat skeleton (Crypt:1)
  10 endoplasms
  2 giant cockroaches
  7 goblins
  3 hobgoblins
  24 kobolds
  2 quokkas
  A bat (shapeshifter) (Vaults:5)
  11 bats
  An endoplasm zombie (Crypt:3)
  A frilled lizard (D:1)
  A frilled lizard skeleton (Crypt:1)
  A goblin zombie (D:4)
  A hobgoblin zombie (Ossuary)
  3 jackal zombies
  3 orc zombies (Ossuary)
  A quokka zombie (D:4)
  7 rats
  A rat zombie (Ossuary)
  A spectral orc (D:13)
  A spectral weapon (Swamp:2)
2211 creatures vanquished.

Vanquished Creatures (collateral kills)
  A deep elf master archer (Elf:3)
  An ancient champion (Vaults:2)
  2 deep trolls (Vaults:2)
  A warg (Vaults:2)
  An orc warrior (Vaults:2)
  2 orc priests (Vaults:2)
  An orc (Vaults:2)
9 creatures vanquished.

Vanquished Creatures (others)
  An iron dragon (Depths:3)
  2 alligators
  A deep troll (Depths:2)
  A swamp dragon (Swamp:4)
  A deep elf pyromancer (Elf:1)
  A necromancer (Depths:3)
  2 bloated husks (Swamp:3)
  A water elemental (Elf:1)
  An orc wizard (Orc:2)
  2 lightning spires (Elf:3)
  33 foxfires
46 creatures vanquished.

Grand Total: 2266 creatures vanquished

Notes
Turn   | Place    | Note
-------+----------+-------------------------------------------
     0 | D:1      | Forgeling the Minotaur Shapeshifter began the quest for the
                  | Orb.
     0 | D:1      | Reached XP level 1. HP: 16/16 MP: 0/0
   119 | D:1      | Found a faded altar of an unknown god.
   129 | D:1      | Reached XP level 2. HP: 22/25 MP: 1/1
   196 | D:1      | You fall into a shaft and drop 1 floor!
   821 | D:1      | Reached XP level 3. HP: 33/33 MP: 2/2
  1152 | D:2      | Reached XP level 4. HP: 37/41 MP: 3/3
  1745 | D:3      | Found a broken altar of Ashenzari.
  1754 | D:3      | Became a worshipper of Ashenzari the Shackled
  1783 | D:3      | Reached skill level 5 in Fighting
  1790 | D:3      | Reached skill level 1 in Evocations
  2045 | D:3      | Reached XP level 5. HP: 48/48 MP: 4/4
  2113 | D:3      | Found a shadowy altar of Dithmenos.
  2573 | D:4      | Found a sand-covered staircase.
  2587 | D:4      | Reached skill level 1 in Axes
  2590 | Ossuary  | Entered an ossuary
  2732 | Ossuary  | Reached XP level 6. HP: 50/56 MP: 5/5
  2819 | Ossuary  | Reached skill level 5 in Axes
  3077 | D:4      | Reached XP level 7. HP: 31/61 MP: 6/6
  3925 | D:5      | Identified the "Zouj"
  3925 | D:5      | Entered Level 5 of the Dungeon
  3941 | D:5      | Reached * piety under Ashenzari
  4272 | D:5      | Reached ** piety under Ashenzari
  4308 | D:5      | Reached skill level 1 in Armour
  4433 | D:5      | Found a hazy altar of Hepliaklqana.
  4663 | D:5      | Found a radiant altar of Vehumet.
  4674 | D:5      | Found an ancient bone altar of Kikubaaqudgha.
  4684 | D:5      | Reached XP level 8. HP: 69/71 MP: 7/7
  4703 | D:5      | Found a shimmering blue altar of Sif Muna.
  4818 | D:6      | Identified the +2 short sword "Ydessy Sotri" {chaos, rF+
                  | rC+ Int-4}
  4857 | D:6      | Found Zijem's Magic Scroll Shop.
  5006 | D:6      | Found a runed translucent door.
  5007 | D:6      | Noticed Crazy Yiuf
  5359 | D:6      | Found a white marble altar of Elyvilon.
  5451 | D:6      | Found Kyomu's Magic Scroll Shop.
  5499 | D:6      | Reached skill level 10 in Axes
  5590 | D:6      | Found Tiyh's Distillery.
  5617 | D:6      | Found Baeqy's Antique Weapon Shoppe.
  5824 | D:6      | Found Xutuabla's Armour Shop.
  5839 | D:6      | Reached skill level 5 in Armour
  5839 | D:6      | Reached XP level 9. HP: 75/78 MP: 8/8
  6020 | D:7      | Found a sparkling altar of Nemelex Xobeh.
  6020 | D:7      | Found a snail-covered altar of Cheibriados.
  6020 | D:7      | Found a stormy altar of Qazlal.
  6218 | D:7      | Reached *** piety under Ashenzari
  6247 | D:7      | Found a staircase to the Ecumenical Temple.
  6833 | D:8      | Reached **** piety under Ashenzari
  6892 | D:8      | Reached skill level 1 in Shields
  6994 | D:8      | Found a shimmering altar of Xom.
  7190 | D:8      | Noticed an orange demon
  7338 | D:6      | Killed Crazy Yiuf
  7461 | D:9      | Noticed a troll
  7538 | D:8      | Killed a troll
  7539 | D:8      | Reached XP level 10. HP: 66/88 MP: 9/9
  7940 | D:9      | Identified a scroll of acquirement
  8270 | D:9      | Found a burning altar of Makhleb.
  8382 | D:9      | Acquired 774 gold pieces
  8442 | D:6      | Bought the +6 chain mail "Tedeb" {rC+ Will+} for 757 gold
                  | pieces
  8535 | D:10     | Entered Level 10 of the Dungeon
  8535 | D:10     | Found a flagged portal.
  8550 | Bailey   | Entered a bailey
  8568 | Bailey   | Reached ***** piety under Ashenzari
  8589 | Bailey   | Reached skill level 5 in Evocations
  8692 | Bailey   | Reached skill level 5 in Shields
  8730 | Bailey   | Found a bloodstained altar of Trog.
  8920 | D:10     | Found a staircase to the Lair.
  8920 | D:10     | Noticed an oklob plant
  9209 | D:10     | Identified the +0 ring mail of the Six Scars {rElec rN+}
  9255 | D:10     | Noticed a two-headed ogre
  9265 | D:10     | Killed a two-headed ogre
  9266 | D:10     | Reached skill level 1 in Throwing
  9266 | D:10     | Reached XP level 11. HP: 97/97 MP: 10/10
  9384 | D:10     | Found a hide-covered altar of Uskayaw.
  9569 | D:11     | Noticed a boulder beetle
  9577 | D:11     | Noticed a two-headed ogre
  9590 | D:10     | Killed a boulder beetle
  9592 | D:10     | Killed a two-headed ogre
 10015 | D:11     | Noticed a two-headed ogre
 10024 | D:11     | Killed a two-headed ogre
 10435 | D:8      | Noticed Amaemon
 10449 | D:9      | Killed Amaemon
 10830 | Lair:1   | Entered Level 1 of the Lair of Beasts
 10905 | Lair:1   | Reached skill level 10 in Armour
 11555 | Lair:1   | Reached XP level 12. HP: 84/106 MP: 11/11
 11839 | Lair:2   | Noticed a death yak
 11839 | Lair:2   | Noticed a death yak
 11849 | Lair:2   | Noticed a death yak
 11853 | Lair:2   | Noticed a death yak
 11856 | Lair:2   | Noticed a death yak
 11860 | Lair:2   | Killed a death yak
 11975 | Lair:2   | Killed a death yak
 11976 | Lair:2   | Reached skill level 5 in Throwing
 12010 | Lair:2   | Killed a death yak
 12029 | Lair:1   | Killed a death yak
 12031 | Lair:1   | Killed a death yak
 12032 | Lair:1   | Reached skill level 10 in Shields
 12279 | Lair:2   | Noticed a six-headed hydra
 12306 | Lair:2   | Killed a six-headed hydra
 12446 | Lair:2   | Found a staircase to the Swamp.
 12582 | Lair:2   | Found a staircase to the Snake Pit.
 12929 | Lair:3   | Found a transporter.
 12941 | Lair:3   | Noticed a boulder beetle
 13157 | Lair:3   | Found a transporter.
 13178 | Lair:3   | Identified the ring "Jiafachu" {rPois Int+3 Dex+6}
 13179 | Lair:3   | Noticed a death yak
 13194 | Lair:3   | Noticed DoNotCum's ghost (journeyman DECj)
 13748 | Lair:4   | Found a viscous altar of Jiyva.
 13749 | Lair:4   | Found a staircase to the Slime Pits.
 13763 | Lair:4   | Reached XP level 13. HP: 103/118 MP: 12/12
 14271 | Lair:4   | Reached skill level 10 in Fighting
 14741 | Lair:5   | Entered Level 5 of the Lair of Beasts
 14844 | Lair:5   | Found a dark tunnel.
 14849 | Volcano  | Entered a volcano
 14871 | Volcano  | Paralysed by an ogre mage for 2 turns
 14895 | Volcano  | Found a bloodstained altar of Trog.
 14914 | Volcano  | Reached skill level 15 in Axes
 14962 | Volcano  | Noticed a red draconian
 14977 | Volcano  | Killed a red draconian
 15225 | Lair:5   | Identified the +9 orcbow of the Harvest {freeze, rPois MP-9
                  | Str+4 Stlth+}
 15275 | Lair:5   | Identified the +2 long sword of Annoyance {vamp, rPois rF-
                  | MP+9}
 15574 | Lair:5   | Noticed a fire dragon
 15586 | Lair:5   | Killed a fire dragon
 15587 | Lair:5   | Reached XP level 14. HP: 102/135 MP: 13/13
 16380 | Lair:3   | Killed DoNotCum's ghost
 16940 | D:12     | Found Qeitif's Weapon Shoppe.
 16940 | D:12     | Found a staircase to the Orcish Mines.
 16940 | D:12     | Found Xorubb's Armour Shoppe.
 16982 | D:12     | Bought the +2 kite shield "Zojaseg" {Rampage rF+++ rCorr
                  | Int-3} for 781 gold pieces
 16994 | D:12     | Reached skill level 5 in Dodging
 17408 | Orc:1    | Entered Level 1 of the Orcish Mines
 17584 | Orc:1    | Noticed an orc warlord
 17636 | D:12     | Killed an orc warlord
 17954 | Orc:1    | Identified the +1 scimitar "Tugacoin" {heavy, rElec Int+3}
 18138 | Orc:2    | Entered Level 2 of the Orcish Mines
 18228 | Orc:2    | Noticed Donald
 18246 | Orc:2    | Killed Donald
 18525 | Orc:2    | Found Vuroese's Antique Armour Emporium.
 18525 | Orc:2    | Found Ykkesesuaf's Magic Scroll Boutique.
 18558 | Orc:2    | Bought a scroll of vulnerability for 60 gold pieces
 18681 | Orc:2    | Found a staircase to the Elven Halls.
 18780 | Orc:2    | Found Aptuqad's Distillery.
 18780 | Orc:2    | Found Afotsil's Assorted Antiques.
 18793 | Orc:2    | Bought a brightly glowing glass ring for 145 gold pieces
 18793 | Orc:2    | Identified the ring "Puxzaut" {rPois rN+ Dex+6} (You bought
                  | it in a shop on level 2 of the Orcish Mines)
 19042 | D:13     | Found a frozen archway.
 19071 | IceCv    | Entered an ice cave
 19124 | IceCv    | Reached XP level 15. HP: 124/139 MP: 14/14
 19425 | IceCv    | Noticed a frost giant
 19480 | IceCv    | Killed a frost giant
 19481 | IceCv    | Reached skill level 10 in Evocations
 19959 | D:13     | Found a gate to the Vaults.
 19989 | D:13     | Found a basalt altar of Yredelemnul.
 20010 | D:13     | Identified the +9 rapier of Intuition {freeze, Int+3}
 20425 | D:14     | Found a gate leading to a gauntlet.
 20436 | Gauntlet | Entered a Gauntlet
 20436 | Gauntlet | Found a transporter.
 20436 | Gauntlet | Found a transporter.
 20444 | Gauntlet | Found a transporter.
 20448 | Gauntlet | Found a transporter.
 20456 | Gauntlet | Found a transporter.
 20460 | Gauntlet | Found a transporter.
 20468 | Gauntlet | Found a transporter.
 20468 | Gauntlet | Identified the ring of Ecuthr Wuwkue {rPois Will+ Str+2
                  | Dex+6}
 20484 | Gauntlet | Found a transporter.
 20499 | Gauntlet | Found a transporter.
 20502 | Gauntlet | Found a transporter.
 20513 | Gauntlet | Found a transporter.
 20514 | Gauntlet | Found a transporter.
 20514 | Gauntlet | Identified the ring of Todook {Int+6 Dex+3}
 20665 | D:14     | Acquired 1249 gold pieces
 20667 | D:14     | Acquired a +2 pair of boots of flying
 21426 | D:15     | Entered Level 15 of the Dungeon
 21915 | D:15     | Found a staircase to the Depths.
 22165 | D:15     | Noticed Louise
 22220 | D:15     | Killed Louise
 22455 | D:15     | Reached XP level 16. HP: 155/155 MP: 15/15
 22779 | Swamp:1  | Entered Level 1 of the Swamp
 22786 | Swamp:1  | Reached skill level 15 in Fighting
 22815 | Swamp:1  | Noticed Frances
 22842 | Swamp:1  | Killed Frances
 22843 | Swamp:1  | Reached skill level 10 in Throwing
 22880 | Swamp:1  | Noticed Jorgrun
 22899 | Swamp:1  | Killed Jorgrun
 23993 | Swamp:3  | Noticed a thorn hunter
 24073 | Swamp:2  | Killed a thorn hunter
 24114 | Swamp:3  | Found a runed translucent door.
 24114 | Swamp:3  | Noticed Vioczuc's ghost (adept TrCK)
 24171 | Swamp:3  | Noticed Roxanne
 24583 | Swamp:4  | Entered Level 4 of the Swamp
 24947 | Swamp:4  | Noticed a tentacled monstrosity
 24950 | Swamp:4  | Reached XP level 17. HP: 160/160 MP: 16/16
 24965 | Swamp:4  | Killed a tentacled monstrosity
 25261 | Swamp:4  | Got a decaying rune of Zot
 25652 | Vaults:1 | Entered Level 1 of the Vaults
 25770 | Vaults:1 | Paralysed by a formless jellyfish for 1 turns
 25940 | Vaults:1 | Noticed a sphinx
 25946 | Vaults:1 | Killed a sphinx
 26066 | Vaults:1 | Identified the +8 dire flail of the Asp {flame, rElec rC-
                  | Int+7 Stlth+}
 26355 | Vaults:1 | Identified the +6 scale mail "Kepawkach" {+Blink rC++}
 27064 | Vaults:2 | Identified the "Afuok"
 27170 | Vaults:2 | Noticed Mennas
 27219 | Vaults:1 | Killed Mennas
 27383 | Vaults:2 | Reached XP level 18. HP: 166/173 MP: 17/17
 27671 | Vaults:2 | Noticed Saint Roka
 27690 | Vaults:2 | Killed Saint Roka
 27852 | Vaults:2 | Found a staircase to the Crypt.
 28448 | Vaults:3 | Noticed Jory
 28465 | Vaults:3 | Killed Jory
 28594 | Vaults:3 | Identified the +3 leather armour of the Chimera {*Slow
                  | rElec rN+ Regen+}
 29296 | Vaults:3 | Noticed Margery
 29386 | Vaults:2 | Killed Margery
 29440 | Vaults:3 | Reached XP level 19. HP: 185/185 MP: 18/18
 29844 | Vaults:3 | Reached skill level 10 in Dodging
 30026 | Vaults:4 | Identified the +3 rapier "Murmur" {protect, rC- Will+
                  | Dex+2}
 31538 | Orc:2    | Bought a scroll of blinking for 217 gold pieces
 31538 | Orc:2    | Bought a scroll of blinking for 217 gold pieces
 31538 | Orc:2    | Bought a scroll labelled LYGASY QODD for 29 gold pieces
 31560 | Crypt:1  | Identified the of Gumimo
 31560 | Elf:1    | Entered Level 1 of the Elven Halls
 31574 | Elf:1    | Reached skill level 15 in Armour
 31583 | Elf:1    | Paralysed by an air elemental for 1 turns
 31674 | Elf:1    | Reached skill level 15 in Shields
 32139 | Elf:1    | Found Xymac's Antique Armour Emporium.
 32190 | Elf:1    | Paralysed by an air elemental for 1 turns
 32737 | Elf:2    | Found a runed translucent door.
 32748 | Elf:2    | Noticed Adatourgh's ghost (journeyman KoHu)
 32785 | Elf:2    | Found a runed translucent gate.
 32785 | Elf:2    | Found a runed translucent gate.
 32785 | Elf:2    | Found a runed translucent gate.
 32925 | Elf:2    | Paralysed by an air elemental for 1 turns
 32931 | Elf:2    | Paralysed by an air elemental for 1 turns
 33175 | Elf:2    | Reached XP level 20. HP: 193/193 MP: 19/19
 33238 | Elf:2    | Killed Adatourgh's ghost
 33609 | Elf:2    | Identified the blade talisman of Lilacs {rElec rN++ Dex-2
                  | Stlth+}
 33791 | Elf:3    | Identified the "Jepod"
 33791 | Elf:3    | Identified the "Pyiv"
 33791 | Elf:3    | Identified the "Ogyilipt"
 33791 | Elf:3    | Entered Level 3 of the Elven Halls
 34496 | Elf:3    | Found a runed translucent door.
 34653 | Elf:3    | Identified the +5 sling of the Omega Point {drain, rElec
                  | rC+ rN++ Stlth+}
 34666 | Elf:3    | Identified the +0 ring mail "Rubappob" {Contam Str+7
                  | Slay+4}
 34666 | Elf:3    | Found the +6 arbalest "Damnation" {damnation}
 34686 | Elf:3    | Identified the +0 arbalest of Hepliaklqana, Imbibing
                  | {flame, rC- rN+ Int+6}
 34686 | Elf:3    | Identified the +3 chain mail of Zuonleare {Dex+5}
 34703 | Elf:3    | Identified the staff "Tingity" {rF++ Str+3 Earth}
 35002 | Elf:3    | Paralysed by an air elemental for 1 turns
 35006 | Elf:3    | Paralysed by an air elemental for 1 turns
 35009 | Elf:3    | Paralysed by an air elemental for 1 turns
 35205 | Elf:3    | Identified the amulet "Hunec" {rPois Regen+ MP+9}
 35246 | Elf:3    | Paralysed by an air elemental for 1 turns
 35299 | Elf:3    | Paralysed by an air elemental for 1 turns
 35316 | Elf:3    | Paralysed by an air elemental for 1 turns
 35525 | Elf:3    | Paralysed by an air elemental for 1 turns
 35742 | Depths:1 | Entered Level 1 of the Depths
 35742 | Depths:1 | Noticed the Enchantress
 35950 | Crypt:1  | Entered Level 1 of the Crypt
 36010 | Crypt:1  | Identified the +1 leather armour "Xebyad" {rC++}
 36329 | Crypt:1  | Reached skill level 15 in Evocations
 36719 | Crypt:1  | Reached XP level 21. HP: 201/201 MP: 20/20
 37058 | Crypt:2  | Found a runed translucent gate.
 37058 | Crypt:2  | Found a runed translucent gate.
 37217 | Crypt:2  | Found a runed translucent gate.
 37218 | Crypt:2  | Noticed Katt's ghost (adept MiFi)
 37360 | Crypt:2  | Found a basalt altar of Yredelemnul.
 37777 | Crypt:2  | Noticed Khufu
 37777 | Crypt:2  | Noticed a royal mummy
 37783 | Crypt:2  | Noticed a royal mummy
 38584 | Crypt:3  | Entered Level 3 of the Crypt
 38928 | Crypt:2  | Killed Khufu
 39496 | Crypt:3  | Found a staircase to the Tomb.
 40242 | Crypt:3  | Identified the ring "Zamyigenk" {rPois rC+ rN+ Dex+2}
 40242 | Crypt:3  | Identified the ring of the Ban {rN+ Int+3}
 40481 | Crypt:3  | Found the ring of the Mage {Wiz Archmagi}
 40481 | Crypt:3  | Identified the amulet "Cetaus" {RegenMP rN+ Will+}
 40481 | Crypt:3  | Noticed an ancient lich
 40488 | Crypt:3  | Killed an ancient lich
 40489 | Crypt:3  | Identified the ring of Cixog {*Corrode rF+ Will+ Str+4}
 40846 | D:15     | Killed the Enchantress
 41170 | Elf:1    | Bought a pair of runed boots for 262 gold pieces
 41866 | Depths:1 | Identified the amulet of Vixint {Spirit +Inv rC- Dex+3
                  | SInv}
 41873 | Depths:1 | Reached XP level 22. HP: 217/217 MP: 21/21
 41879 | Depths:1 | Found a gateway to Hell.
 43405 | Depths:2 | Noticed Mara
 43421 | Depths:2 | Noticed Forgeling's illusion
 43424 | Depths:2 | Killed Mara
 43441 | Depths:2 | Found a one-way gate leading to the halls of Pandemonium.
 43910 | Depths:2 | Found a one-way gate to the infinite horrors of the Abyss.
 44524 | Depths:3 | Noticed a juggernaut
 45814 | Depths:3 | Killed a juggernaut
 46459 | Depths:4 | Entered Level 4 of the Depths
 46728 | Depths:4 | Reached XP level 23. HP: 220/234 MP: 22/22
 47127 | Depths:4 | Paralysed by an air elemental for 1 turns
 47129 | Depths:4 | Paralysed by an air elemental for 1 turns
 47135 | Depths:4 | Paralysed by an air elemental for 1 turns
 47563 | Depths:4 | Found a gate to the Realm of Zot.
 48030 | Depths:4 | Found a runed translucent door.
 48182 | Depths:4 | Noticed Piuw's ghost (veteran GnWn)
 48306 | Depths:4 | Identified the +1 plate armour "Yzuuts" {+Blink}
 48411 | Depths:4 | Killed Piuw's ghost
 48544 | Depths:1 | Found a one-way gateway to a ziggurat.
 48855 | Swamp:3  | Killed Vioczuc's ghost
 48887 | Swamp:3  | Killed Roxanne
 49226 | Crypt:2  | Killed Katt's ghost
 49412 | Vaults:5 | Entered Level 5 of the Vaults
 49585 | Vaults:5 | Noticed a dread lich
 49598 | Vaults:5 | Killed a dread lich
 49946 | Vaults:5 | Reached skill level 15 in Throwing
 50729 | Vaults:5 | Noticed an ancient lich
 51003 | Vaults:5 | Identified the +2 leather armour of Plog {Str+4}
 51078 | Vaults:5 | Reached XP level 24. HP: 185/245 MP: 22/22
 51352 | Vaults:5 | Noticed Xtahua
 51361 | Vaults:5 | Killed Xtahua
 51421 | Vaults:5 | Killed an ancient lich
 51762 | Vaults:5 | Found Koqiank's Distillery.
 51762 | Vaults:5 | Found Uttel's Magic Scroll Boutique.
 51801 | Vaults:5 | Found Urezek's Jewellery Boutique.
 51809 | Vaults:5 | Found Zonoadgh's General Store.
 51870 | Vaults:5 | Found the +0 mask of the Dragon {Will+ Slay+3 SInv}
 51876 | Vaults:5 | Got a silver rune of Zot
 52178 | Vaults:5 | Bought a scroll of enchant armour for 135 gold pieces
 52178 | Vaults:5 | Bought a scroll of blinking for 135 gold pieces
 52781 | Snake:1  | Entered Level 1 of the Snake Pit
 52781 | Snake:1  | Found a shimmering altar of Xom.
 52864 | Snake:1  | Found Zora's General Store.
 52866 | Snake:1  | Found Jiklotus's General Store.
 52866 | Snake:1  | Found Edacaahy's Antique Weapon Emporium.
 52869 | Snake:1  | Found Qiag's Assorted Antiques.
 53455 | Snake:1  | Found Lidororeih's Antique Weapon Shoppe.
 55193 | Snake:3  | Reached ****** piety under Ashenzari
 55197 | Snake:3  | Found Fohomo's Book Emporium.
 55199 | Snake:3  | Found Pujaiduu's Armour Shoppe.
 55203 | Snake:3  | Found Waotwed's Antique Weapon Emporium.
 55843 | Snake:4  | Entered Level 4 of the Snake Pit
 56341 | Snake:4  | Identified the serpent talisman "Nenk" {rElec Int+3 Dex-5}
 56341 | Snake:4  | Noticed Aizul
 56348 | Snake:4  | Killed Aizul
 57001 | Snake:4  | Got a serpentine rune of Zot
 57354 | Snake:1  | Bought a scroll of enchant armour for 240 gold pieces
 57894 | Zot:1    | Entered Level 1 of the Realm of Zot
 58479 | Zot:1    | Reached XP level 25. HP: 257/257 MP: 23/23
 58606 | Zot:1    | Found the +4 dragonskin cloak
 58606 | Zot:1    | Noticed Tiamat
 58616 | Zot:1    | Killed Tiamat
 59548 | Zot:2    | Noticed a Killer Klown
 59559 | Zot:2    | Killed a Killer Klown
 60200 | Zot:3    | Found a transporter.
 60411 | Zot:3    | Identified the +1 cloak of the Merwolf {rF- rN+++ Will+++
                  | Dex-4}
 60751 | Zot:3    | Found a transporter.
 62390 | Zot:5    | Entered Level 5 of the Realm of Zot
 62974 | Zot:5    | Noticed an orb of fire
 62984 | Zot:5    | Killed an orb of fire
 62986 | Zot:5    | Noticed a Killer Klown
 62996 | Zot:5    | Noticed an orb of fire
 63004 | Zot:5    | Gained mutation: You are clumsy. (Dex -2) [an orb of fire]
 63008 | Zot:5    | Killed an orb of fire
 63011 | Zot:5    | Noticed an ancient lich
 63015 | Zot:5    | Killed a Killer Klown
 63023 | Zot:5    | Killed an ancient lich
 63024 | Zot:5    | Reached XP level 26. HP: 218/266 MP: 23/23
 63551 | Zot:5    | Noticed an orb of fire
 63556 | Zot:5    | Gained mutation: You are vulnerable to cold. (rC-) [an orb
                  | of fire]
 63561 | Zot:5    | Killed an orb of fire
 63749 | Zot:5    | Noticed an orb of fire
 63751 | Zot:5    | Killed an orb of fire
 64180 | Zot:5    | Noticed an ancient lich
 64195 | Zot:5    | Killed an ancient lich
 64202 | Zot:5    | Noticed an ancient lich
 64204 | Zot:5    | Killed an ancient lich
 64208 | Zot:5    | Noticed an orb of fire
 64212 | Zot:5    | Gained mutation: You occasionally lose the ability to read
                  | scrolls when taking damage. [an orb of fire]
 64213 | Zot:5    | Killed an orb of fire
 64354 | Zot:5    | Lost mutation: You are clumsy. (Dex -2) [potion of
                  | mutation]
 64354 | Zot:5    | Lost mutation: You occasionally lose the ability to read
                  | scrolls when taking damage. [potion of mutation]
 64354 | Zot:5    | Lost mutation: You are vulnerable to cold. (rC-) [potion of
                  | mutation]
 64354 | Zot:5    | Gained mutation: Your flesh is cold resistant. (rC+)
                  | [potion of mutation]
 64354 | Zot:5    | Gained mutation: You are agile. (Dex +4, Str/Int -1)
                  | [potion of mutation]
 64354 | Zot:5    | Gained mutation: Your system is resistant to poisons.
                  | (rPois) [potion of mutation]
 64367 | Zot:5    | Noticed a dread lich
 64372 | Zot:5    | Killed a dread lich
 64427 | Zot:5    | Noticed an orb of fire
 64440 | Zot:5    | Gained mutation: Your body sometimes deteriorates upon
                  | taking damage. [an orb of fire]
 64443 | Zot:5    | Killed an orb of fire
 64444 | Zot:5    | Reached skill level 15 in Dodging
 64717 | Zot:5    | Got the Orb of Zot
 64893 | Depths:4 | Noticed Ilalihij the pandemonium lord
 65049 | D:12     | Noticed Xeataam the pandemonium lord
 65277 | D:$      | Escaped with the Orb!

Illustrated notes

Levels and vault maps discovered:
D:1:      dpeg_arrival_subterranean_lakeside_camping, layout_loops_ring,
          chequers_ecumenical_altar_island
D:2:      layout_loops_ring
D:3:      layout_basic, mainiacjoe_overflow_alcove_4,
          mainiacjoe_overflow_six_doors_small, hangedman_decor_growths,
          chequers_serial_rivers_large_b, minmay_surrounded
D:4:      layout_layer_cave, enter_ossuary_4, mrwooster_statue_mirror,
          kennysheep_generic_room_6
D:5:      layout_gridville, palyth_temple_overflow_mages,
          nicolae_hepliaklqana_hippocampus, corexii_corridor_pit
D:6:      kennysheep_steamy, layout_rooms, elyvilon_altar_3, serial_shops, shop,
          nicolae_shop_window_shopping, shop, nicolae_shop_back_alley_shop,
          nicolae_shop_scrapyard, uniq_crazy_yiuf_cottage
D:7:      layout_loops_cross, gammafunk_temple_overflow_forgotten,
          minmay_temple_entry_hall, grunt_decor_mini_mirrors
D:8:      layout_basic, kennysheep_mini_moat, uniq_amaemon
D:9:      lemuel_ice_spiral_2, layout_basic, marbit_many_paths
D:10:     layout_layer_cave, mainiacjoe_overflow_brackets, dpeg_oklobed_lair,
          enter_bailey_2, minmay_curled_crystal
D:11:     layout_basic, serial_glass, glass_columns_a, glass_columns_a,
          glass_columns_a, glass_columns_c, glass_columns_b, glass_columns_a
D:12:     layout_gridville, orc_david_3, minmay_checkerbox
D:13:     layout_roguey, david_vaults_2, portal_ice_cave_entry_pillars_1,
          yredelemnul_forgotten_temple_becter
D:14:     layout_roguey, gauntlet_entry_generic, serial_bayou,
          serial_bayou_shore_a, serial_bayou_lake_a, serial_bayou_lagoon_a,
          serial_bayou_pond_a
D:15:     gammafunk_enter_depths_forms, layout_loops_corners,
          nicolae_twisting_strands, uniq_louise
Lair:1:   layout_loops_ring
Lair:2:   layout_chaotic_city, skrybe_swamp_entry_bodies,
          guppyfry_snake_entry_island
Lair:3:   layout_roguey [special_room_bee], gammafunk_ghost_berserking_beasts
Lair:4:   layout_hall_layers, minmay_slime_entry_pillars,
          infiniplex_staircase_pool_2
Lair:5:   guppyfry_lair_end_dragon, layout_hall_layers, enter_volcano_1,
          grunt_forest_small_clearing_treed
Swamp:1:  layout_basic_swamp, infiniplex_staircase_pool, uniq_jorgrun,
          uniq_frances
Swamp:2:  layout_basic_swamp, evilmike_swamp_ruin_rubble_2
Swamp:3:  layout_basic_swamp, gammafunk_ghost_grave,
          nicolae_swamp_decorative_isthmus, uniq_roxanne
Swamp:4:  swamp_alternative, layout_basic_swamp
Snake:1:  layout_layer_cave, serial_shops, shop, basic_altar, drop_trap,
          minmay_shoptagon
Snake:2:  layout_onion, nicolae_snake_boneroom
Snake:3:  layout_honeycomb, minmay_shop_star, lemuel_fruit_tree
Snake:4:  snake_pit_salamanders_mu, layout_cave_town, uniq_aizul
Orc:1:    cheibrodos_orc_guarddog, layout_caves, elf_legates
Orc:2:    st_orc_town, layout_diamond_mine, uniq_donald
Elf:1:    minmay_elf_arrival_plus, layout_gridlike, serial_shops, shop,
          evilmike_minifort
Elf:2:    elven_hall_of_blades_hangedman_original
          [nicolae_blade_entry_sentries_behind_glass], layout_geoelf_octagon,
          hellmonk_ghost_happy_afterlife
Elf:3:    grunt_elf_hall_spiral, layout_onion_city, hangedman_aerie_drop
Vaults:1: v_alt_pattern_6, v_pattern_1, nicolae_vaults_little_squares_5,
          vaults_dpeg_spiral, v_misc_8, st_octagons_2, v_rooms_6, v_misc_13,
          nicolae_vaults_little_squares_6, nicolae_vaults_surprise_closet,
          vaults_mumra_lcd, vaults_mumra_chevron, hangedman_vaults_trim,
          layout_vaults_omnibox
Vaults:2: nicolae_vaults_octothorpe, minmay_crypt_entry_simple_sparse,
          hangedman_vaults_capsules, v_misc_26, hangedman_vaults_restitches,
          vaults_room_corners, nicolae_vaults_house_1,
          nicolae_vaults_storage_room_water, nicolae_vaults_two_Ls,
          vaults_mumra_minichess, vaults_dpeg_cross,
          nicolae_vaults_network_periphery, layout_vaults_maze_bifur,
          uniq_saint_roka, uniq_mennas
Vaults:3: v_misc_18, nicolae_vaults_display_case,
          nicolae_vaults_diagonal_hallway_8,
          nicolae_vaults_door_testing_chamber, v_pattern_2, v_misc_16,
          vaults_standard_mumra_x, nicolae_vaults_gold_heap,
          hangedman_vaults_maws, nicolae_vaults_tetromino_Z_1,
          nicolae_vaults_tangram_1, nicolae_vaults_trapezoid_lopsided_4,
          layout_vaults_omnigrid, uniq_margery, uniq_jory
Vaults:4: v_misc_4, vaults_dpeg_encased_lava, hangedman_vaults_pinch,
          grunt_vaults_twisty, ontoclasm_vaults_claustrophobia,
          nicolae_vaults_bisected_inception, v_rooms_3, vaults_dpeg_hooks,
          nicolae_vaults_ninety_degrees, vaults_dpeg_ring,
          nicolae_vaults_diamond_1, v_misc_1, nicolae_vaults_little_squares_4,
          vaults_room_pools, vaults_mumra_chevron_long,
          nicolae_vaults_trapezoid_layered, layout_vaults_big_cross
Vaults:5: uniq_xtahua
Crypt:1:  layout_catacombs, special_room [special_room_morgue],
          grunt_crypt_arrival_split
Crypt:2:  layout_catacombs, basic_altar, ebering_ghost_rock_garden, uniq_khufu
Crypt:3:  due_elkab, layout_chaotic_city
Depths:1: kennysheep_cluttered_fort, layout_gridlike, enter_ziggurat_d,
          hell_entry, minmay_misc_feat_nine_boxes,
          chequers_serial_rivers_micro_b, fake_guardian_serpent_vault,
          uniq_enchantress
Depths:2: grunt_twist_and_shout, layout_gridville, hangedman_coc_ice_floe,
          abyss_entry_small_statue_room, rand_demon_pan_entry_7,
          infiniplex_staircase_trident, uniq_mara
Depths:3: nzn_winding_woodlands_cross [nzn_winding_woodlands_5x15_pockets,
          nzn_winding_woodlands_5x15_sidewinder,
          nzn_winding_woodlands_5x15_jagged,
          nzn_winding_woodlands_5x15_pathside_ponds,
          nzn_winding_woodlands_15x15_killbox], layout_cave_shapes, hell_entry,
          abyss_entry_crystal
Depths:4: grunt_zot_entry_hairpin, layout_gridlike, pf_hell_entry_tar_river,
          ebering_ghost_reflecting_pool, serial_sigils_hangedman_etch,
          abyss_entry, dreamdust_looks_like_rain
Zot:1:    layout_misc_corridors, grunt_megastairs_4, uniq_tiamat
Zot:2:    layout_onion_interference
Zot:3:    gammafunk_sealed_arena, layout_gridlike,
          regret_index_zotdec_glowing_original
Zot:4:    layout_cathedral_of_symmetry
Zot:5:    layout_onion, grunt_megastairs_3

Skill      XL: |  1  2  3  4  5  6  7  8  9 10 11 12 13 14 15 16 17 18 19 20 21 22 23 24 25 26 |
---------------+-------------------------------------------------------------------------------+-----
Fighting       | 2 3 4 5 7 8 9 11 13 14 16 18 20 22 23 | 23.2
Evocations     | 2 3 4 5 6 8 9 10 11 13 16 17 18 19 20 21 | 21.7
Axes           | 4 6 8 10 13 16 17 19 20 22 | 22.4
Armour         | 2 5 7 8 10 11 13 15 17 23 | 23.4
Shields        | 2 5 9 10 11 13 15 17 19 20 21 | 21.3
Dodging        | 3 7 9 12 14 15 | 15.2
Throwing       | 1 4 7 8 9 12 13 15 19 21 | 21.8
Unarmed Combat | |  3.2
Shapeshifting  | |  2.4

Action                     |  1- 3 |  4- 6 |  7- 9 | 10-12 | 13-15 | 16-18 | 19-21 | 22-24 | 25-27 || total
---------------------------+-------+-------+-------+-------+-------+-------+-------+-------+-------++-------
  Melee: Unarmed           |    72 |    60 |       |       |       |       |       |       |       ||   132
         Headbutt          |     8 |    20 |    49 |   142 |   327 |   352 |   609 |   472 |   174 ||  2153
         War axe           |       |    64 |   254 |   715 |   205 |       |       |       |       ||  1238
         Punch             |       |     1 |    10 |       |       |       |       |       |       ||    11
         Broad axe         |       |       |       |       |  1018 |  1222 |  1954 |  1463 |   503 ||  6160
  Throw: Dart              |       |       |       |    48 |    65 |    16 |       |       |       ||   129
         Javelin           |       |       |       |       |       |       |       |       |    34 ||    34
 Invoke: Curse Item        |       |     1 |     5 |     4 |     3 |     1 |     2 |     5 |     3 ||    24
         Shatter the Chain |       |       |       |     2 |     3 |     1 |     3 |     4 |     1 ||    14
  Evoke: Wand              |       |       |     3 |     6 |     7 |     4 |     3 |     1 |     3 ||    27
         Lightning rod     |       |       |       |       |       |     2 |       |       |       ||     2
         Phantom mirror    |       |       |       |       |       |     4 |     2 |     1 |     1 ||     8
         Condenser vane    |       |       |       |       |       |       |       |     1 |     1 ||     2
    Use: Scroll            |       |     3 |     1 |     2 |     6 |       |     9 |    20 |     7 ||    48
         Potion            |       |     3 |       |       |     5 |     7 |     6 |     7 |     4 ||    32
   Stab: Paralysed         |       |       |       |       |     5 |       |       |       |       ||     5
         Distracted        |       |       |       |       |       |     3 |     2 |     1 |     1 ||     7
         Confused          |       |       |       |       |       |     1 |       |       |     1 ||     2
 Armour: Animal skin       |    34 |     6 |       |       |       |       |       |       |       ||    40
         Leather armour    |       |     7 |       |       |       |       |       |       |       ||     7
         Chain mail        |       |    96 |   233 |   490 |   569 |   804 |  1009 |   770 |       ||  3971
         Storm dragon scal |       |       |       |       |       |       |       |    71 |   335 ||   406
  Dodge: Dodged            |    57 |    66 |   105 |   270 |   276 |   426 |   631 |   694 |   239 ||  2764
  Block: Buckler           |       |       |       |    58 |       |       |       |       |       ||    58
         Kite shield       |       |       |       |   159 |   578 |   761 |  1179 |  1120 |   404 ||  4201
         Form:             |       |       |     1 |       |       |       |       |       |       ||     1
         Beast             |       |       |     1 |       |       |       |       |       |       ||     1

Table legend: (Time is in decaauts)
 A = Elapsed time spent in this place.
 B = Non-inter-level travel time spent in this place.
 C = Inter-level travel time spent in this place.
 D = Time resting spent in this place.
 E = Time spent auto-exploring this place.
 F = Levels seen in this place.
 G = Mean time per level.
                   A        B        C        D        E       F      G
               +--------+--------+--------+--------+--------+-----+--------+
         Total |  64079 |  57608 |   6471 |   3794 |  38873 |  55 | 1165.1 |
       Dungeon |  15747 |  13158 |   2589 |    344 |  10267 |  15 | 1049.8 |
          Lair |   5557 |   4887 |    670 |    203 |   3239 |   5 | 1111.4 |
         Swamp |   2986 |   2516 |    470 |     78 |   1638 |   4 |  746.5 |
     Snake Pit |   4624 |   4332 |    292 |     11 |   3713 |   4 | 1156.0 |
  Orcish Mines |   1958 |   1574 |    384 |    118 |    922 |   2 |  979.0 |
   Elven Halls |   3822 |   3541 |    281 |    120 |   2266 |   3 | 1274.0 |
        Vaults |   8555 |   8044 |    511 |    683 |   5068 |   5 | 1711.0 |
         Crypt |   4756 |   4409 |    347 |     85 |   2785 |   3 | 1585.3 |
        Depths |   7591 |   7101 |    490 |   1412 |   4130 |   4 | 1897.8 |
           Zot |   6742 |   6309 |    433 |    631 |   4161 |   5 | 1348.4 |
       Ossuary |    373 |    373 |      0 |     98 |      4 |   1 |  373.0 |
        Bailey |    265 |    265 |      0 |      0 |    148 |   1 |  265.0 |
      Ice Cave |    662 |    662 |      0 |      1 |    366 |   1 |  662.0 |
       Volcano |    224 |    224 |      0 |      7 |     75 |   1 |  224.0 |
      Gauntlet |    212 |    212 |      0 |      0 |     90 |   1 |  212.0 |
               +--------+--------+--------+--------+--------+-----+--------+

Top non-repeatable levels by time:
Vaults:5: 2777 daAuts
Depths:4: 2490 daAuts
Depths:2: 2372 daAuts
   Zot:5: 2212 daAuts
    D:15: 1924 daAuts
 Crypt:2: 1860 daAuts
 Crypt:3: 1702 daAuts
Depths:1: 1687 daAuts
   Zot:4: 1565 daAuts
Vaults:2: 1549 daAuts
   Elf:3: 1527 daAuts
Vaults:1: 1479 daAuts
 Snake:4: 1440 daAuts
Vaults:4: 1379 daAuts
Vaults:3: 1369 daAuts
